 Dungeon Crawl Stone Soup version 0.23.2 (webtiles) character file.

Game seed: 17475440437820949417

47 Fang the Skirmisher (level 3, 0/36 HPs)
             Began as a Gargoyle Berserker on Apr 8, 2019.
             Was a Believer of Trog.
             Slain by a gnoll
             ... wielding a +0 flail
              (6 damage)
             ... on level 1 of the Dungeon.
             The game lasted 00:01:24 (888 turns).

Fang the Skirmisher (Gargoyle Berserker)             Turns: 888, Time: 00:01:25

Health: 0/36       AC:  5    Str: 26    XL:     3   Next: 70%
Magic:  3/3        EV: 12    Int:  7    God:    Trog [**....]
Gold:   88         SH:  0    Dex:  9    Spells: 2/2 levels left

rFire    . . .     SeeInvis .   a - +0 hand axe
rCold    . . .     Gourm    .   (no shield)
rNeg     + . .     Faith    .   b - +0 animal skin
rPois    ∞         Spirit   .   (no helmet)
rElec    +         Reflect  .   (no cloak)
rCorr    .         Harm     .   (no gloves)
MR       .....                  (no boots)
Stlth    ..........             (no amulet)
HPRegen  0.12/turn              (no ring)
MPRegen  0.08/turn              (no ring)

@: berserking (expiring), very quick
A: negative energy resistance 1, electricity resistance, unbreathing,
petrification resistance, rot immunity, AC +3
a: Berserk, Trog's Hand, Renounce Religion


You were on level 1 of the Dungeon.
You worshipped Trog.
Trog was pleased with you.
You were hungry.

You visited 1 branch of the dungeon, and saw 2 of its levels.

You collected 88 gold pieces.

Inventory:

Hand Weapons
 a - a +0 hand axe (weapon)
Armour
 b - a +0 animal skin (worn)
Scrolls
 e - a scroll of identify {unknown}
 g - 2 scrolls of random uselessness {unknown}
 h - 2 scrolls of teleportation {unknown}
 i - a scroll of enchant armour {unknown}
 j - a scroll of amnesia {unknown}
Potions
 d - a potion of resistance {unknown}
Comestibles
 c - a ration


   Skills:
 + Level 3.8 Fighting
 + Level 3.1 Axes
 + Level 2.8 Armour
 + Level 2.0 Dodging


You had 2 spell levels left.
You didn't know any spells.
Your spell library was empty.

Dungeon Overview and Level Annotations

Branches:
Dungeon (2/15)

Altars:


Innate Abilities, Weirdness & Mutations

You are resistant to torment.
Your stone body is resilient. (AC +3)
You are immune to poison.
You resist negative energy. (rN+)
You are resistant to electric shocks. (rElec)
You can survive without breathing.
You are immune to petrification.
You are immune to rotting.


Message History

You are too injured to fight recklessly!
You are too injured to fight recklessly!
You are too injured to fight recklessly!
You are too injured to fight recklessly!
You are too injured to fight recklessly!
You are too injured to fight recklessly!
You are too injured to fight recklessly!
You are too injured to fight recklessly!
Unknown command.
There is a stone staircase leading up here.
You feel a strong urge to attack something.
The bullfrog skeleton hits you but does no damage.
You climb upwards.
There is a stone staircase leading down here.
You are too injured to fight recklessly!
You are too injured to fight recklessly!
You slash the gnoll!
The gnoll is heavily wounded.
The gnoll hits you with a +0 flail.
You die...

♣.######.♣##...### ##.
♣.######.♣#....### #####
♣.######.♣#......# #######...
♣.######.♣##...#[# ##...###...
♣.######.♣#..#.#.# ##....###...
♣.######.♣#....#.###..#..##..(.
#♣........♣#.##.#.##..##..#.÷.#.
##.♣♣♣♣♣♣♣♣♣#..#g#.##..###...(###
.'## ####..#@#.##..###....###
###### #.......#.##..####...###
.....# #.............##########
.###.# #.......##...## #.# .# #.#
###...#.##..## #.# .###.#
#......#.## #.##### .....#
#.#..#...# #.##≈.. ##.###
#......### #.##≈≈≈ #.# #####.##
#.##.≈♣


You could see a gnoll.

Vanquished Creatures
  2 gnolls (D:2)
  A ball python (D:1)
  A giant cockroach (D:1)
  4 goblins (D:1)
  3 hobgoblins (D:1)
  4 kobolds (D:1)
  7 bats
  A frilled lizard (D:1)
  3 rats (D:1)
26 creatures vanquished.

Notes
Turn   | Place    | Note
-------+----------+-------------------------------------------
     0 | D:1      | Fang the Gargoyle Berserker began the quest for the Orb.
     0 | D:1      | Reached XP level 1. HP: 14/14 MP: 1/1
   369 | D:1      | Reached XP level 2. HP: 18/19 MP: 2/2
   509 | D:1      | Reached ** piety under Trog
   617 | D:1      | Reached XP level 3. HP: 23/23 MP: 3/3
   888 | D:1      | Slain by a gnoll

Skill      XL: |  1  2  3 |
---------------+----------+-----
Axes           | 3 |  3.1
Dodging        | 2 |  2.0
Fighting       | |  3.8
Armour         | |  2.8

Action                   || total
-------------------------++-------
Melee: Hand axe          ||    79
Invok: Berserk           ||     1
Armor: Animal skin       ||    40
Dodge: Dodged            ||    56
